 Dungeon Crawl Stone Soup version 0.21-a0-442-g848f44b (webtiles) character file.

66 tof the Twirler (level 3, -4/28 HPs)
             Began as a Demonspawn Gladiator on Nov 12, 2017.
             Slain by a gnoll
             ... wielding a +0 halberd
              (11 damage)
             ... on level 2 of the Dungeon.
             The game lasted 00:01:53 (1408 turns).

tof the Twirler (Demonspawn Gladiator)              Turns: 1408, Time: 00:01:54

Health: -4/28      AC:  8    Str: 14    XL:     3   Next: 96%
Magic:  3/3        EV:  7    Int:  9    God:
Gold:   31         SH:  0    Dex: 15    Spells: 2/2 levels left

rFire    . . .     SeeInvis .   a - +0 quarterstaff
rCold    . . .     Gourm    .   (shield currently unavailable)
rNeg     . . .     Faith    .   o - +0 chain mail
rPois    .         Spirit   .   (helmet restricted)
rElec    .         Reflect  .   (no cloak)
rCorr    .         Harm     .   (no gloves)
MR       .....                  (no boots)
Stlth    ..........             (no amulet)
HPRegen  0.09/turn              (no ring)
MPRegen  0.08/turn              (no ring)

@: no status effects
A: antennae 1, rot immunity
a: no special abilities


You were on level 2 of the Dungeon.
You were not hungry.

You visited 1 branch of the dungeon, and saw 2 of its levels.

You collected 31 gold pieces.

Inventory:

Hand Weapons
 a - a +0 quarterstaff (weapon)
Missiles
 d - 3 throwing nets (quivered)
Armour
 b - a +0 leather armour
 c - a +0 helmet
 o - a +0 chain mail (worn)
Jewellery
 g - an uncursed amulet of rage {unknown}
Scrolls
 i - a scroll of enchant weapon {unknown}
 m - 2 scrolls of remove curse {unknown}
Potions
 e - a potion of curing {unknown}
 h - a potion of heal wounds {unknown}
 k - a potion of lignification {unknown}
 l - a potion of resistance {unknown}
Comestibles
 f - a bread ration
 j - a royal jelly


   Skills:
 + Level 2.5 Fighting
 * Level 3.5 Staves
 - Level 1.7 Throwing
 + Level 1.1 Armour
 + Level 3.1 Dodging


You had 2 spell levels left.
You didn't know any spells.

Dungeon Overview and Level Annotations

Branches:
Dungeon (2/15)

Altars:
Ru


Innate Abilities, Weirdness & Mutations

You have a pair of small antennae on your head.
You are immune to rotting.


Message History

There are monsters nearby!
You are too injured to fight recklessly!
The gnoll barely misses you.
You barely miss the gnoll. You hit the gnoll but do no damage.
The gnoll barely misses you.
You hit the gnoll.
The gnoll is moderately wounded.
The gnoll barely misses you.
You hit the gnoll.
The gnoll is heavily wounded.
The gnoll hits you with a halberd!
* * * LOW HITPOINT WARNING * * *
You closely miss the gnoll.
The gnoll is moderately wounded.
The gnoll hits you with a halberd.
* * * LOW HITPOINT WARNING * * *
You closely miss the gnoll.
The gnoll is moderately wounded.
The gnoll hits you with a halberd!
You die...

....... .# #.....# ..
#.#...# .# #.#...# .#
#.#...# .#
######.#...#.####.####.#
...........#....gg.....#
..........## #g# #.#
######)##.# #@#####.#
>.# #†##.## #....##.#
..####.##..# ##.##.##.#
....##.###.####...#.##.#
.......# #......_......#
....#### ####.#...####.#
..### #.##.## #.# ..#
#....# #.# ### ####.#
#.#


You could see 3 gnolls.

Vanquished Creatures
  2 gnolls
  A worm (D:2)
  3 dart slugs (D:1)
  9 goblins
  3 hobgoblins (D:1)
  7 jackals (D:1)
  2 ball pythons (D:1)
  4 bats
  A frilled lizard (D:1)
  A kobold (D:1)
  3 rats
36 creatures vanquished.

Notes
Turn   | Place    | Note
-------+----------+-------------------------------------------
     0 | D:1      | tof the Demonspawn Gladiator began the quest for the Orb.
     0 | D:1      | Reached XP level 1. HP: 16/16 MP: 1/1
   191 | D:1      | Gained mutation: You are immune to rotting. [demonic ancestry]
   191 | D:1      | Reached XP level 2. HP: 21/22 MP: 2/2
   517 | D:1      | Gained mutation: You have a pair of small antennae on your head. [demonic ancestry]
   517 | D:1      | Reached XP level 3. HP: 28/28 MP: 3/3
   750 | D:1      | Reached skill level 1 in Armour
  1366 | D:2      | Found a sacrificial altar of Ru.
  1408 | D:2      | Slain by a gnoll

Vault maps used:
D:1:      denvon_arrival_waterhouse, serial_bayou_pond_c, item_on_display_a
D:2:      nicolae_overflow_crystal_walls, grunt_decor_mini_mirrors

Skill      XL: |  1  2  3 |
---------------+----------+-----
Staves         | 3 |  3.5
Dodging        | 3 |  3.1
Armour         | 1 |  1.1
Fighting       | |  2.5
Throwing       | |  1.7

Action                   || total
-------------------------++-------
Melee: Quarterstaff      ||   132
 Stab: Sleeping          ||     1
  Eat: Chunk             ||     2
Armor: Leather armour    ||    39
       Chain mail        ||    11
Dodge: Dodged            ||    90

Table legend:
 A = Spawn XP
 B = Non-spawn XP
 C = Spawn XP percentage of total XP
 D = Spawn monster count
 E = Non-spawn monster count
 F = Spawn count percentage of total count
 G = Total turns spent on level
                    A         B        C        D         E        F      G
               +---------+---------+-------+---------+---------+-------+---------
         Total |       0 |      95 |   0.0 |       0 |      36 |   0.0 |  1408
               +---------+---------+-------+---------+---------+-------+---------
           D:1 |       0 |      67 |   0.0 |       0 |      28 |   0.0 |  1187
           D:2 |       0 |      28 |   0.0 |       0 |       8 |   0.0 |   221
               +---------+---------+-------+---------+---------+-------+---------
